 Dungeon Crawl Stone Soup version 0.22-a0-265-g0d8bc90 (webtiles) character file.

504094 sankara the Warrior (level 24, -16/160 HPs)
             Began as a Gargoyle Fighter on Mar 1, 2018.
             Was a High Priest of Okawaru.
             Demolished by an ettin
             ... wielding a +0 dire flail
              (21 damage)
             ... while paralysed
             ... on level 2 of the Depths on Mar 6, 2018.
             The game lasted 07:24:45 (63080 turns).

sankara the Warrior (Gargoyle Fighter)             Turns: 63080, Time: 07:24:46

Health: -16/160    AC: 38    Str: 26    XL:     24   Next: 97%
Magic:  5/35       EV:  2    Int: 18    God:    Okawaru [*****.]
Gold:   2737       SH:  0    Dex: 16    Spells: 3/39 levels left

rFire    + + .     SeeInvis +   a - +10 whip of the Beast {slash, Fragile rF+ Dex+2}
rCold    + . .     Gourm    .   K - +2 shield
rNeg     + . .     Faith    .   S - +4 troll leather armour {regen}
rPois    ∞         Spirit   .   g - +2 hat {SInv}
rElec    +         Reflect  .   v - scarf {rC+ rF+}
rCorr    +         Harm     .   V - +2 pair of gloves {Str+3}
MR       +++..                  O - +2 pair of boots of the Assassin {Detection Stab+ Stlth++}
Stlth    +++++++++.             i - amulet "Supn" {MR+ Regen+}
HPRegen  1.16/turn              N - ring of protection from magic {MR+, !d}
MPRegen  0.24/turn              j - ring of resist corrosion

@: paralysed, agile, berserk cooldown, flying, slowed
A: big wings, negative energy resistance 1, electricity resistance, unbreathing,
petrification resistance, rot immunity, AC +18
}: 3/15 runes: decaying, silver, gossamer
a: Stop Flying, Heroism, Finesse, Renounce Religion


You were on level 2 of the Depths.
You worshipped Okawaru.
Okawaru was extremely pleased with you.
You were not hungry.

You visited 9 branches of the dungeon, and saw 42 of its levels.
You visited the Abyss 1 time.
You visited 1 bazaar.
You also visited: Bailey, Ice Cave and Volcano.

You collected 5580 gold pieces.
You spent 2843 gold pieces at shops.

Inventory:

Hand Weapons
 a - the +10 whip of the Beast (weapon) {slash, Fragile rF+ Dex+2}
   (You found it in a bailey)

   It inflicts extra damage upon your enemies.
   It affects your dexterity (+2).
   It protects you from fire.
   It will be destroyed if unequipped.
Missiles
 U - 2 throwing nets {=f, !d}
 Z - 10 javelins (quivered)
Armour
 g - a +2 hat of see invisible (worn)
   (Okawaru gifted it to you on level 2 of the Spider Nest)
 r - the +0 buckler of Atheism {Int+3, unknown}
   (You found it on level 2 of the Abyss)

   It affects your intelligence (+3).
 v - a scarf of resistance (worn)
   (You found it on level 4 of the Lair of Beasts)
 K - a +2 shield (worn)
   (You took it off a vault guard on level 5 of the Vaults)
 O - the +2 pair of boots of the Assassin (worn) {Detection Stab+ Stlth++}
   (You acquired it on level 3 of the Lair of Beasts)

   It makes you much more stealthy.
 S - a +4 troll leather armour (worn) {regen}
   (You found it on level 2 of the Orcish Mines)
 V - a +2 pair of gloves of strength (worn)
   (You found it on level 14 of the Dungeon)
Jewellery
 i - the amulet "Supn" (around neck) {MR+ Regen+}
   (You bought it in a shop on level 1 of the Depths)

   [amulet of regeneration]

   It affects your resistance to hostile enchantments.
   It increases your rate of regeneration.
 j - a ring of resist corrosion (right hand)
   (You acquired it on level 1 of the Lair of Beasts)
 m - an uncursed ring of positive energy {rN+}
   (You found it on level 3 of the Dungeon)
 x - an uncursed ring of protection from magic {MR+, !d}
   (You found it on level 3 of the Swamp)
 M - an uncursed ring of protection from fire {rF+, !d}
   (You found it on level 10 of the Dungeon)
 N - a ring of protection from magic (left hand) {MR+, !d}
   (You took it off an orc wizard on level 10 of the Dungeon)
Wands
 w - a wand of digging (34)
   (You found it on level 7 of the Dungeon)
 I - a wand of acid (21)
   (You found it on level 9 of the Dungeon)
 J - a wand of disintegration (20)
   (You took it off Psyche on level 12 of the Dungeon)
 T - a wand of iceblast (47)
   (You found it on level 11 of the Dungeon)
 X - a wand of paralysis (13)
   (You found it on level 4 of the Spider Nest)
Scrolls
 c - a scroll of silence
 e - a scroll of acquirement
 h - 3 scrolls of fear
 k - 13 scrolls of teleportation
 n - 2 scrolls of fog
 o - 17 scrolls of remove curse
 t - 7 scrolls of magic mapping {!r}
 u - a scroll of holy word {!r}
 y - 3 scrolls of summoning
 Q - 5 scrolls of blinking {!r}
Potions
 b - a potion of invisibility
 d - 6 potions of might
 l - 5 potions of resistance
 p - 9 potions of brilliance
 q - a potion of cancellation
 s - 14 potions of curing
 L - 5 potions of heal wounds
 P - 4 potions of ambrosia
 R - 4 potions of haste
 W - 3 potions of magic
Miscellaneous
 A - a fan of gales
   (You found it on level 4 of the Lair of Beasts)
 B - a lamp of fire
   (You found it on level 14 of the Dungeon)
 C - a phial of floods
   (You found it on level 3 of the Elven Halls)
 D - a lightning rod (4/4)
   (You found it on level 3 of the Elven Halls)
 E - 5 phantom mirrors
 F - 2 sacks of spiders
 G - a box of beasts
Comestibles
 f - 61 rations


   Skills:
 - Level 19.0 Fighting
 - Level 12.0 Maces & Flails
 - Level 7.0 Throwing
 - Level 15.0 Armour
 - Level 12.0 Dodging
 - Level 19.0 Stealth
 - Level 15.0 Shields
 + Level 8.3 Spellcasting
 - Level 8.0 Charms
 - Level 12.0 Summonings
 - Level 10.0 Necromancy
 - Level 4.0 Translocations
 - Level 7.0 Ice Magic
 - Level 2.0 Air Magic
 - Level 10.0 Earth Magic
 - Level 9.0 Invocations
 - Level 4.0 Evocations


You had 3 spell levels left.
You knew the following spells:

 Your Spells              Type           Power        Failure   Level  Hunger
a - Infusion              Chrm           ####         1%          1    None
b - Song of Slaying       Chrm           #####...     1%          2    None
c - Swiftness             Chrm/Air       ####....     1%          2    None
d - Shroud of Golubria    Chrm/Tloc      ####......   1%          2    None
e - Regeneration          Chrm/Necr      #####.....   1%          3    #......
f - Ozocubu's Armour      Chrm/Ice       ####....     1%          3    #......
g - Corpse Rot            Necr           N/A          1%          2    None
h - Borgnjor's Vile Clut  Necr/Erth      #####.....   4%          5    #####..
i - Aura of Abjuration    Summ           ######....   1%          5    #####..
j - Summon Demon          Summ           ######....   1%          5    #####..
k - Summon Ice Beast      Ice/Summ       #####...     1%          4    ###....
l - Blink                 Tloc           N/A          3%          2    None


Dungeon Overview and Level Annotations

Branches:
Dungeon (15/15)            Temple (1/1) D:4            Lair (6/6) D:9
  Swamp (4/4) Lair:2       Spider (4/4) Lair:3        Slime (0/5) Lair:5
    Orc (2/2) D:9             Elf (3/3) Orc:2        Vaults (5/5) D:13
  Crypt (0/3) Vaults:2     Depths (2/5) D:15

Altars:
Ashenzari
Cheibriados
Dithmenos
Elyvilon
Fedhas
Gozag
Hepliaklqana
Kikubaaqudgha
Makhleb
Nemelex Xobeh
Okawaru
Qazlal
Ru
Sif Muna
Trog
Uskayaw
Vehumet
Wu Jian
Xom
Yredelemnul
Zin
The Shining One
Beogh

Shops:
D:4 !   D:11 *   D:13 [   D:15 }   Orc:2 :[(*   Elf:2 %   Depths:1 =}=

Portals:
Hell: Depths:1
Ziggurat: Depths:1

Annotations:
Lair:5 exclusion: 2 oklob plants


Innate Abilities, Weirdness & Mutations

You are resistant to torment.
Your stone body is resilient. (AC +18)
You are immune to poison.
Your large and strong wings let you fly indefinitely.
You resist negative energy. (rN+)
You are resistant to electric shocks. (rElec)
You can survive without breathing.
You are immune to petrification.
You are immune to rotting.


Message History

You whack the spriggan defender!
The spriggan defender is severely wounded.
The spriggan defender hits you with a lajatang of venom!
* * * LOW HITPOINT WARNING * * *
The spriggan defender hits you with a lajatang of venom!!
* * * LOW HITPOINT WARNING * * *
You whack the spriggan defender!
The spriggan defender is severely wounded.
You hit the spriggan defender.
The spriggan defender is severely wounded.
The spriggan defender hits you but does no damage. x2
You thrash the spriggan defender!!
The spriggan defender is almost dead.
You whack the spriggan defender!
The spriggan defender is almost dead.
You hit the spriggan defender but do no damage.
The spriggan defender is almost dead.
Your skin stops crawling.
You block the spriggan defender's attack.
The spriggan defender hits you with a lajatang of venom.
* * * LOW HITPOINT WARNING * * *
The rakshasa weaves an illusion.
The rakshasa shimmers and seems to become two!
Unknown command.
You miss the spriggan defender.
The spriggan defender is almost dead.
You whack the spriggan defender!
You kill the spriggan defender!
The spriggan defender's corpse shimmers and vanishes!
The spriggan defender barely misses you.
You miss the spriggan defender.
The spriggan defender is moderately wounded.
You whack the spriggan defender!
The spriggan defender is moderately wounded.
You block the spriggan defender's attack.
The rakshasa blinks!
You closely miss the spriggan defender.
The spriggan defender is moderately wounded.
You barely miss the spriggan defender.
The spriggan defender is moderately wounded.
The spriggan defender hits you but does no damage.
You closely miss the spriggan defender.
The spriggan defender is moderately wounded.
You whack the spriggan defender!
The spriggan defender is moderately wounded.
You block the rakshasa's attack.
The rakshasa blinks!
You barely miss the spriggan defender.
The spriggan defender is moderately wounded.
The spriggan defender hits you but does no damage.
You closely miss the spriggan defender.
The spriggan defender is moderately wounded.
You barely miss the spriggan defender.
The spriggan defender is moderately wounded.
The spriggan defender hits you with a lajatang of venom!
* * * LOW HITPOINT WARNING * * *
The rakshasa completely misses you.
The rakshasa blinks!
You whack the spriggan defender!
The spriggan defender is heavily wounded.
The rakshasa blinks! x2
You whack the spriggan defender!
The spriggan defender is heavily wounded.
The spriggan defender hits you but does no damage.
You are too berserk!
You thrash the spriggan defender!!
The spriggan defender is severely wounded.
You hit the spriggan defender.
The spriggan defender is severely wounded.
You block the rakshasa's attack. The rakshasa completely misses you.
You whack the spriggan defender!
The spriggan defender is almost dead.
The spriggan defender barely misses you.
The rakshasa weaves an illusion.
The ettin shimmers and seems to become two!
You whack the spriggan defender!
The spriggan defender is almost dead.
You block the ettin's attack. x2
You thrash the spriggan defender!!
You kill the spriggan defender!
The spriggan defender's corpse shimmers and vanishes!
You are no longer berserk.
You pass out from exhaustion.
You feel yourself slow down.
The rakshasa hits you with a long sword.
* * * LOW HITPOINT WARNING * * *
The rakshasa blinks!
The rakshasa hits you but does no damage.
The ettin hits you with a dire flail!!
* * * LOW HITPOINT WARNING * * *
The ettin barely misses you.
The ettin hits you but does no damage. x2
The rakshasa hits you but does no damage. x2
The ettin hits you with a dire flail!
* * * LOW HITPOINT WARNING * * *
The ettin hits you but does no damage. The ettin barely misses you.
The ettin hits you but does no damage.
The rakshasa hits you with a long sword.
* * * LOW HITPOINT WARNING * * *
The rakshasa blinks!
The rakshasa shimmers and vanishes!
The ettin hits you but does no damage. x2
The ettin hits you with a dire flail!!
You die...

{ { { ######+######
#########≈≈≈≈≈.≈≈≈≈≈###
##≈≈≈≈≈≈≈≈...........≈≈≈
≈≈⌠...CRRR?..⌠...⌠....⌠.
......C@RRRR............
##############'''#######
#≈≈≈≈≈≈≈...≈≈≈≈≈≈≈
#≈...###...###...≈
#≈.#..⌠...{.⌠..#.≈
#≈###.........###≈
#≈.⌠..#.....#..⌠^≈
#≈...###...###...≈ {
#≈.#..#).#.[#..#.≈


You could see 2 ettins and 7 rakshasas.

Vanquished Creatures
  An ancient lich (Vaults:5)
  Mennas (Vaults:2)
  Bai Suzhen (Swamp:3)
  the Lernaean hydra (Swamp:4)
  Margery (Vaults:4)
  Nikola (Swamp:2)
  A golden dragon (Vaults:5)
  A bone dragon (Abyss:2)
  Arachne (Spider:4)
  2 liches (Vaults:5)
  Rupert (D:13)
  3 deep elf blademasters
  4 tentacled monstrosities
  8 titans (Vaults:5)
  A deep elf master archer (Elf:2)
  Frances (Swamp:2)
  4 shadow dragons (Vaults:5)
  Kirke (Lair:4)
  5 sphinxes
  Agnes (Spider:4)
  3 storm dragons
  A thorn hunter (Swamp:2)
  A tengu reaver (Vaults:5)
  5 fire giants
  7 frost giants
  A ghost moth (shapeshifter) (Vaults:5)
  2 iron dragons (Vaults:5)
  10 deep elf sorcerers
  2 ghost moths (Spider:4)
  An orc warlord (Orc:2)
  16 vault wardens
  3 emperor scorpions (Spider:4)
  Aizul (Swamp:1)
  6 deep elf elementalists
  A caustic shrike skeleton (Depths:1)
  3 spriggan defenders (Depths:2)
  A ghoul (Vaults:2)
  20 ironheart preservers
  7 stone giants
  The ghost of mhoghedin the Fighter, a journeyman GnWn of Gozag (Lair:6)
  2 war gargoyles (Vaults:5)
  A vampire knight (Depths:1)
  8 very ugly things
  3 entropy weavers
  A starcursed mass (Abyss:2)
  Nessos (D:13)
  12 deep elf demonologists
  10 deep elf annihilators
  A dire elephant (Lair:4)
  3 spark wasps
  5 deep elf death magi
  2 ettins
  9 yaktaur captains
  The ghost of ThereIsNoGod the Thaumaturge, a journeyman SpVM of Gozag (Orc:2)
  6 fire dragons
  20 hydras
  3 rakshasas
  A merfolk impaler (Depths:2)
  9 ogre magi
  5 ice dragons
  25 vault guards
  9 deep elf high priests
  4 great orbs of eyes
  8 centaur warriors
  Fannar (D:12)
  2 ghost crabs
  A catoblepas (D:15)
  4 death knights
  19 two-headed ogres
  5 death yaks (Lair:5)
  2 tengu warriors
  6 alligators
  The ghost of 4thArraOfDagon the Arsonist, a journeyman OpFE of Vehumet (D:13)
  3 small abominations
  4 deep troll shamans
  3 orc high priests (Orc:2)
  8 death scarabs (Spider:4)
  4 deep troll earth magi (Depths:1)
  2 hell hogs (Abyss:2)
  A thrashing horror (Abyss:2)
  39 dancing weapons
  A soul eater (Vaults:2)
  Urug (D:13)
  21 deep elf knights
  The ghost of Gorglomux the Fighter, a novice MiSu of Yredelemnul (D:9)
  Nergalle (Lair:1)
  A storm dragon zombie (Vaults:5)
  The ghost of Karim the Grave Robber, a novice DDNe (D:7)
  A spatial maelstrom (Abyss:2)
  A fire crab (shapeshifter) (Vaults:5)
  A skeletal warrior (D:13)
  4 hell knights
  A shadow wraith (Vaults:5)
  A fire crab (Lair:6)
  A spectral emperor scorpion (Spider:4)
  An iron troll (Depths:1)
  4 flayed ghosts
  2 cherubim (D:13)
  2 unseen horrors
  4 shambling mangroves
  12 deep trolls
  A deep troll (shapeshifter) (Vaults:2)
  17 deep elf archers
  12 swamp dragons
  3 glowing orange brains
  2 phantasmal warriors
  19 ironbrand convokers
  17 orc knights
  A mana viper (shapeshifter) (Vaults:5)
  2 wolf spider zombies (Spider:4)
  3 wizards
  Pikel (D:5)
  9 necromancers
  8 harpies
  A harpy (shapeshifter) (Elf:3)
  An orb spider (shapeshifter) (Vaults:3)
  55 deep elf magi
  34 wolf spiders
  5 spectral wolf spiders (Spider:4)
  A shadow dragon skeleton (Vaults:4)
  2 cyclopes (shapeshifter)
  48 ugly things
  5 orc sorcerers
  3 cyclopes
  A salamander (shapeshifter) (Vaults:1)
  A stone giant zombie (Vaults:5)
  17 orb spiders
  2 manticores (shapeshifter)
  3 moths of wrath (Spider:4)
  2 manticores
  Maurice (D:12)
  4 salamanders (Volcano)
  9 black mambas
  7 vault sentinels
  A centaur zombie (D:15)
  A frost giant skeleton (Depths:1)
  24 elephants
  A black mamba (shapeshifter) (Depths:1)
  2 molten gargoyles (Lair:6)
  An apocalypse crab (Abyss:2)
  2 ice statues (IceCv)
  Psyche (D:12)
  A guardian serpent (shapeshifter) (Vaults:2)
  A gargoyle (D:13)
  17 spiny frogs
  2 rime drakes
  10 demonic crawlers
  A spriggan zombie (Depths:1)
  11 freezing wraiths
  A redback zombie (Spider:4)
  5 spectral redbacks (Spider:4)
  43 yaktaurs
  13 komodo dragons
  A yaktaur zombie (Vaults:3)
  A queen bee (shapeshifter) (Vaults:5)
  18 polar bears
  A jumping spider (shapeshifter) (Vaults:3)
  10 tyrant leeches
  3 human skeletons
  A meliai (shapeshifter) (D:14)
  36 jumping spiders
  3 meliai (D:14)
  6 trolls
  3 spectral tarantellas (Spider:4)
  A polar bear (shapeshifter) (D:14)
  2 jumping spider zombies (Spider:4)
  2 harpy skeletons
  4 spectral jumping spiders (Spider:4)
  A tengu simulacrum (Vaults:5)
  8 bog bodies
  3 human simulacra
  18 slime creatures
  15 blink frogs
  20 hornets
  4 raiju (Abyss:2)
  A deep troll zombie (Depths:1)
  2 tarantella zombies (Spider:4)
  A stone giant simulacrum (Vaults:3)
  The ghost of sankara the Cudgeler, an amateur GrFi of Ru (D:4)
  12 hippogriffs
  3 spriggans
  3 air elementals
  2 vampires (D:13)
  A fire dragon skeleton (Depths:1)
  6 shadows
  9 wyverns
  42 tarantellas
  40 redbacks
  9 water elementals
  A ynoxinul (Abyss:2)
  A yak (shapeshifter) (Depths:2)
  Sigmund (D:3)
  2 fire bats (Lair:3)
  Eustachio (D:5)
  16 humans
  9 wraiths
  A human (shapeshifter) (Depths:2)
  64 yaks
  4 fire elementals
  4 hungry ghosts
  8 basilisks
  A steam dragon (Lair:6)
  8 vampire mosquitoes
  A warg (shapeshifter) (Vaults:2)
  2 elf skeletons
  18 swamp worms
  4 acid dragons
  6 wargs
  5 insubstantial wisps (Swamp:2)
  A tengu zombie (Depths:1)
  12 water moccasins
  9 porcupines
  A deep troll skeleton (Vaults:1)
  A soldier ant (shapeshifter) (D:14)
  4 hell hounds (Lair:6)
  2 spectral hornets (Spider:4)
  15 swamp drakes
  3 hornet zombies
  64 orc warriors
  4 sky beasts
  14 ice beasts
  3 phantoms
  A black bear (D:11)
  2 eyes of draining (D:14)
  An ettin simulacrum (Vaults:4)
  6 boggarts
  24 centaurs
  16 wolves
  27 ogres
  12 crocodiles
  Blork the orc (D:4)
  13 bullfrogs
  3 big kobolds
  7 earth elementals
  A water moccasin zombie (D:6)
  8 scorpions
  A wyvern skeleton (D:11)
  A troll zombie (Swamp:3)
  20 killer bees
  7 wights (D:11)
  2 troll skeletons (Swamp:3)
  4 electric eels
  6 lava snakes
  5 howler monkeys
  8 crimson imps
  A yaktaur simulacrum (Vaults:1)
  A quasit (D:15)
  3 bullfrog zombies
  5 hounds
  A gnoll shaman (D:7)
  4 bullfrog skeletons
  11 orc priests
  6 jellies
  38 orc wizards
  Crazy Yiuf (D:4)
  6 centaur skeletons
  Jessica (D:3)
  8 worker ants
  A statue (D:7)
  A worker ant (shapeshifter) (Depths:1)
  A hound zombie (D:5)
  A hound skeleton (D:6)
  A mummy (D:6)
  A howler monkey zombie (D:6)
  A worker ant zombie (D:6)
  Robin (D:3)
  8 gnolls
  14 adders
  4 shadow imps
  An ufetubus (Abyss:2)
  An adder zombie (D:5)
  An adder skeleton (D:5)
  5 worms
  A dart slug (D:1)
  6 leopard geckos
  109 orcs
  5 giant cockroaches
  12 goblins
  11 hobgoblins
  23 kobolds
  4 quokkas
  5 bats
  5 frilled lizards
  A quokka skeleton (D:11)
  2 quokka zombies
  8 rats
  2 plants
1964 creatures vanquished.

Vanquished Creatures (collateral kills)
  A vault warden (Vaults:5)
  2 stone giants
  3 very ugly things (Depths:1)
  A deep elf death mage (Vaults:5)
  A yaktaur captain (Vaults:5)
  2 vault guards (Vaults:5)
  An ice dragon (Depths:1)
  A centaur warrior (Depths:1)
  A two-headed ogre (Vaults:5)
  A vampire mage (Depths:2)
  3 deep trolls (Depths:1)
  A wizard (Depths:1)
  An ironbrand convoker (Vaults:5)
  A stone giant zombie (Depths:1)
  A tengu skeleton (Depths:1)
  8 ugly things (Depths:1)
  A guardian serpent (shapeshifter) (Depths:1)
  A troll (shapeshifter) (Depths:1)
  A queen bee (shapeshifter) (Depths:1)
  A water elemental (Depths:1)
  A fire bat (shapeshifter) (Vaults:5)
  A warg (Vaults:5)
  A swamp worm (shapeshifter) (Depths:2)
  A water moccasin (Lair:3)
  An ogre (Vaults:5)
  A crocodile (Lair:3)
39 creatures vanquished.

Vanquished Creatures (others)
  Asterion (Vaults:1)
  A two-headed ogre (Depths:2)
  A shadow wraith (Vaults:3)
  A wolf spider (Spider:2)
  A tyrant leech (Swamp:2)
  A hornet (Swamp:1)
  A blink frog (Swamp:4)
  A hog (shapeshifter) (Vaults:5)
  3 humans (Lair:4)
  A water elemental (Elf:2)
  A tarantella (Spider:3)
  A swamp drake (Swamp:1)
  A boggart (Vaults:3)
  A large abomination (Abyss:2)
  An orc priest (Vaults:3)
  10 fungi
  6 plants
33 creatures vanquished.

Grand Total: 2036 creatures vanquished

Notes
Turn   | Place    | Note
-------+----------+-------------------------------------------
     0 | D:1      | sankara the Gargoyle Fighter began the quest for the Orb.
     0 | D:1      | Reached XP level 1. HP: 14/14 MP: 1/1
   148 | D:1      | Reached XP level 2. HP: 19/19 MP: 2/2
   258 | D:1      | Reached skill level 3 in Maces & Flails
   639 | D:1      | Reached XP level 3. HP: 23/23 MP: 3/3
   870 | D:2      | Found a glowing silver altar of Zin.
  1084 | D:2      | Reached skill level 4 in Maces & Flails
  1125 | D:2      | Reached XP level 4. HP: 23/28 MP: 4/4
  1517 | D:2      | Found a glowing golden altar of the Shining One.
  1929 | D:3      | Noticed Sigmund
  1947 | D:3      | Killed Sigmund
  1947 | D:3      | Reached skill level 6 in Maces & Flails
  1947 | D:3      | Reached XP level 5. HP: 20/32 MP: 2/5
  1947 | D:3      | Reached XP level 6. HP: 23/37 MP: 2/6
  2140 | D:3      | Found a shattered altar of Ashenzari.
  2175 | D:3      | Noticed Robin
  2223 | D:3      | Killed Robin
  2427 | D:3      | Noticed Jessica
  2433 | D:3      | Killed Jessica
  2433 | D:3      | Reached skill level 7 in Maces & Flails
  3036 | D:4      | Found an opulent altar of Gozag.
  3125 | D:4      | Noticed sankara's ghost (amateur GrFi)
  3152 | D:4      | Killed sankara's ghost
  3152 | D:4      | Reached XP level 7. HP: 32/41 MP: 5/7
  3235 | D:4      | Noticed Blork the orc
  3256 | D:4      | Killed Blork the orc
  3256 | D:4      | Reached skill level 8 in Maces & Flails
  3394 | D:4      | Found a staircase to the Ecumenical Temple.
  3409 | Temple   | Entered the Ecumenical Temple
  3416 | Temple   | Became a worshipper of Warmaster Okawaru
  3427 | D:4      | Found Qayggogra's Distillery.
  3679 | D:4      | Found a runed door.
  3817 | D:4      | Noticed Crazy Yiuf
  3830 | D:4      | Killed Crazy Yiuf
  3926 | D:5      | Entered Level 5 of the Dungeon
  3928 | D:5      | Noticed Eustachio
  3950 | D:5      | Killed Eustachio
  3950 | D:5      | Reached * piety under Okawaru
  3950 | D:5      | Reached skill level 9 in Maces & Flails
  3950 | D:5      | Reached XP level 8. HP: 34/46 MP: 5/8
  4160 | D:5      | Found a blossoming altar of Fedhas.
  4369 | D:5      | Reached skill level 1 in Invocations
  4456 | D:5      | Noticed Pikel
  4468 | D:5      | Killed Pikel
  4468 | D:5      | Reached skill level 10 in Maces & Flails
  4468 | D:5      | Reached skill level 4 in Invocations
  4468 | D:5      | Reached XP level 9. HP: 45/51 MP: 6/12
  5120 | D:6      | Reached ** piety under Okawaru
  5134 | D:6      | Reached skill level 5 in Invocations
  5243 | D:6      | Found a snail-covered altar of Cheibriados.
  5449 | D:6      | Found a sparkling altar of Nemelex Xobeh.
  5754 | D:6      | Reached skill level 1 in Dodging
  5993 | D:6      | Reached skill level 4 in Armour
  5993 | D:6      | Reached skill level 4 in Shields
  6002 | D:6      | Reached skill level 4 in Fighting
  6564 | D:7      | Reached skill level 11 in Maces & Flails
  6617 | D:7      | Reached skill level 2 in Dodging
  6667 | D:7      | Reached *** piety under Okawaru
  6688 | D:7      | Found a hazy altar of Hepliaklqana.
  6744 | D:7      | Noticed Karim's ghost (novice DDNe)
  6970 | D:7      | Killed Karim's ghost
  6970 | D:7      | Reached skill level 5 in Fighting
  6970 | D:7      | Reached skill level 5 in Armour
  6970 | D:7      | Reached XP level 10. HP: 23/59 MP: 14/14
  7113 | D:7      | Found a radiant altar of Vehumet.
  7299 | D:7      | Reached skill level 3 in Dodging
  7299 | D:7      | Reached skill level 6 in Invocations
  7302 | D:7      | Paralysed by fainting for 9 turns
  7338 | D:7      | Paralysed by fainting for 7 turns
  8086 | D:8      | Found a flagged portal.
  8097 | D:8      | Got a translucent halberd
  8100 | Bailey   | Entered a bailey
  8101 | Bailey   | Identified the +3 halberd of Vunuryont {chop, +Rage rElec rPois} (You found it on level 8 of the Dungeon)
  8227 | Bailey   | HP: 14/59 [orc warrior/bolt (4)]
  8570 | Bailey   | Reached skill level 6 in Armour
  8628 | Bailey   | Noticed an orc knight
  8632 | Bailey   | HP: 13/60 [orc warrior/halberd (26)]
  8647 | Bailey   | HP: 13/60 [orc knight/trident (9)]
  8756 | Bailey   | Killed an orc knight
  8756 | Bailey   | Reached skill level 6 in Fighting
  8871 | Bailey   | Reached **** piety under Okawaru
  8971 | Bailey   | Got a smoking whip
  8972 | Bailey   | Identified the +10 whip of the Beast {slash, Fragile rF+ Dex+2} (You found it in a bailey)
  9283 | D:8      | Reached skill level 4 in Dodging
  9283 | D:8      | Reached skill level 7 in Invocations
  9336 | D:8      | Reached XP level 11. HP: 66/66 MP: 16/16
  9929 | D:9      | Noticed Gorglomux's ghost (novice MiSu)
  9985 | D:9      | Killed Gorglomux's ghost
  9985 | D:9      | Reached ***** piety under Okawaru
  9985 | D:9      | Reached skill level 7 in Armour
 10056 | D:9      | Found a staircase to the Lair.
 10061 | D:9      | Reached skill level 7 in Fighting
 10074 | D:9      | Reached skill level 12 in Maces & Flails
 10450 | D:9      | HP: 10/67 [orc priest/divine providence (12)]
 10458 | D:9      | HP: 4/67 [orc priest/divine providence (10)]
 10598 | D:9      | Found a roughly hewn altar of Beogh.
 10598 | D:9      | Found a staircase to the Orcish Mines.
 10965 | D:10     | Entered Level 10 of the Dungeon
 10965 | D:10     | Noticed a two-headed ogre
 10977 | D:9      | Killed a two-headed ogre
 10977 | D:9      | Reached skill level 5 in Dodging
 11025 | D:10     | Noticed a two-headed ogre
 11037 | D:10     | Killed a two-headed ogre
 11037 | D:10     | Reached skill level 5 in Shields
 11041 | D:10     | Reached skill level 8 in Armour
 11129 | D:10     | Reached skill level 8 in Fighting
 11339 | D:10     | Reached skill level 8 in Invocations
 11414 | D:10     | Received a gift from Okawaru
 11417 | D:10     | Got a brightly glowing buckler {god gift}
 11418 | D:10     | Identified the +0 buckler "Xitaen" {rN+ Str+6 Stlth-} (Okawaru gifted it to you on level 10 of the Dungeon)
 11606 | D:11     | Reached skill level 6 in Shields
 11609 | D:11     | Reached XP level 12. HP: 75/75 MP: 18/18
 11774 | D:11     | Noticed a four-headed hydra
 11786 | D:11     | Killed a four-headed hydra
 11786 | D:11     | Reached skill level 9 in Fighting
 11786 | D:11     | Reached skill level 9 in Armour
 11894 | D:11     | Noticed an eight-headed hydra
 11904 | D:11     | Killed an eight-headed hydra
 11904 | D:11     | Reached skill level 7 in Shields
 12449 | D:11     | Found Enap's Assorted Antiques.
 12653 | D:11     | Reached skill level 10 in Armour
 12707 | D:11     | Reached skill level 8 in Shields
 12842 | Lair:1   | Entered Level 1 of the Lair of Beasts
 12852 | Lair:1   | Reached skill level 10 in Fighting
 12978 | Lair:1   | Noticed Nergalle
 12988 | Lair:1   | Killed Nergalle
 13109 | Lair:1   | Reached XP level 13. HP: 76/83 MP: 19/19
 13115 | Lair:1   | Reached skill level 9 in Shields
 13467 | Lair:1   | Reached skill level 11 in Armour
 13871 | Lair:2   | Reached skill level 11 in Fighting
 14246 | Lair:2   | Found a staircase to the Swamp.
 14688 | Lair:3   | Identified 3 scrolls of acquirement
 14689 | Lair:3   | Found the +2 pair of boots of the Assassin {Detection Stab+ Stlth++}
 14888 | Lair:3   | Received a gift from Okawaru
 14888 | Lair:3   | Reached skill level 1 in Stealth
 15146 | Lair:3   | Found a hole to the Spider Nest.
 15197 | Lair:3   | Found a frozen archway.
 15223 | Lair:3   | Reached skill level 2 in Stealth
 15242 | IceCv    | Entered an ice cave
 15300 | IceCv    | Reached skill level 10 in Shields
 15337 | IceCv    | Reached skill level 3 in Stealth
 15646 | IceCv    | Noticed a frost giant
 15658 | IceCv    | Reached skill level 4 in Stealth
 15672 | IceCv    | Killed a frost giant
 15969 | Lair:3   | Reached skill level 12 in Armour
 16283 | Lair:4   | Noticed Kirke
 16370 | Lair:4   | Reached skill level 12 in Fighting
 16394 | Lair:3   | Reached skill level 5 in Stealth
 16451 | Lair:4   | Killed Kirke
 16451 | Lair:4   | Received a gift from Okawaru
 16451 | Lair:4   | Gained mutation: Your large and strong wings let you fly indefinitely. [Gargoyle growth]
 16451 | Lair:4   | Reached XP level 14. HP: 87/92 MP: 13/20
 16457 | Lair:4   | Got a brightly glowing plate armour {god gift}
 16458 | Lair:4   | Identified the +2 plate armour of Qid Afeg {rF+ SInv} (Okawaru gifted it to you on level 4 of the Lair of Beasts)
 16601 | Lair:4   | Reached skill level 11 in Shields
 16970 | Lair:4   | Noticed a dire elephant
 17007 | Lair:4   | Killed a dire elephant
 17007 | Lair:4   | Reached skill level 6 in Stealth
 17411 | Lair:5   | Reached skill level 7 in Stealth
 17836 | Lair:5   | Found a staircase to the Slime Pits.
 18201 | Lair:6   | Entered Level 6 of the Lair of Beasts
 18270 | Lair:6   | Reached skill level 13 in Armour
 18291 | Lair:6   | Reached skill level 13 in Fighting
 18361 | Lair:6   | Reached skill level 8 in Stealth
 18484 | Lair:6   | Reached skill level 12 in Shields
 18711 | Lair:6   | Reached XP level 15. HP: 99/99 MP: 21/21
 18717 | Lair:6   | Found a large runed door.
 18718 | Lair:6   | Found a large runed door.
 18864 | Lair:6   | Received a gift from Okawaru
 18865 | Lair:6   | Got a steaming morningstar {god gift}
 19203 | Lair:6   | Reached skill level 9 in Stealth
 19354 | Lair:6   | Noticed mhoghedin's ghost (journeyman GnWn)
 19490 | Lair:6   | Killed mhoghedin's ghost
 19798 | Lair:1   | Identified the +2 morningstar of the Blessed Realm {holy, Str+3} (Okawaru gifted it to you on level 6 of the Lair of Beasts)
 20236 | D:12     | Noticed Maurice
 20256 | D:12     | Killed Maurice
 20372 | D:12     | Noticed Psyche
 20380 | D:12     | Killed Psyche
 20398 | D:12     | Noticed Fannar
 20426 | D:12     | Killed Fannar
 20522 | D:13     | Found a gate to the Vaults.
 20522 | D:13     | Noticed Rupert
 20522 | D:13     | Noticed Urug
 20522 | D:13     | Noticed Nessos
 20575 | D:13     | Found Dadimoil's Armour Shop.
 20788 | D:13     | Noticed 4thArraOfDagon's ghost (journeyman OpFE)
 20807 | D:13     | Killed 4thArraOfDagon's ghost
 20811 | D:13     | Paralysed by Rupert for 7 turns
 20843 | D:13     | Killed Rupert
 21443 | D:13     | Reached skill level 14 in Armour
 21551 | D:13     | Killed Nessos
 21551 | D:13     | Reached skill level 14 in Fighting
 21551 | D:13     | Reached skill level 10 in Stealth
 21620 | D:13     | Killed Urug
 21705 | D:13     | Reached skill level 6 in Dodging
 21957 | D:13     | Reached skill level 13 in Shields
 22454 | Orc:1    | Entered Level 1 of the Orcish Mines
 22995 | Orc:2    | Entered Level 2 of the Orcish Mines
 22995 | Orc:2    | Found a staircase to the Elven Halls.
 23023 | Orc:2    | Found a dark tunnel.
 23038 | Volcano  | Entered a volcano
 23061 | Volcano  | Reached XP level 16. HP: 106/106 MP: 17/22
 23400 | Orc:2    | Found Ackeonwar's Book Shoppe.
 23576 | Orc:2    | Found Towuolan's Antique Armour Shop.
 23733 | Orc:2    | Found Verruv's Antique Weapon Shoppe.
 24063 | Orc:2    | Found Gashod's General Store.
 24067 | Orc:2    | Noticed ThereIsNoGod's ghost (journeyman SpVM)
 24241 | Orc:2    | Killed ThereIsNoGod's ghost
 24241 | Orc:2    | Received a gift from Okawaru
 24241 | Orc:2    | Reached skill level 9 in Invocations
 24457 | Orc:2    | Bought a book of Battle for 560 gold pieces
 24460 | Orc:2    | Learned a level 2 spell: Shroud of Golubria
 24464 | Orc:2    | Learned a level 3 spell: Regeneration
 24466 | Orc:2    | Learned a level 1 spell: Infusion
 24469 | Orc:2    | Learned a level 2 spell: Song of Slaying
 24472 | Orc:2    | Learned a level 2 spell: Swiftness
 25197 | D:14     | Reached skill level 1 in Spellcasting
 25197 | D:14     | Reached skill level 1 in Charms
 25197 | D:14     | Reached skill level 1 in Translocations
 25225 | D:14     | Reached skill level 1 in Air Magic
 25232 | D:14     | Reached skill level 1 in Necromancy
 25396 | D:14     | Learned a level 3 spell: Ozocubu's Armour
 25662 | D:15     | Entered Level 15 of the Dungeon
 25690 | D:15     | Found Zism's Gadget Shop.
 25788 | D:15     | Found a staircase to the Depths.
 26025 | D:15     | Found a sacrificial altar of Ru.
 26278 | D:15     | Reached skill level 2 in Charms
 26284 | D:15     | Reached skill level 2 in Translocations
 26461 | D:15     | Reached skill level 7 in Dodging
 26709 | Swamp:1  | Entered Level 1 of the Swamp
 26754 | Swamp:1  | Noticed Aizul
 26805 | Swamp:1  | Killed Aizul
 26805 | Swamp:1  | Reached skill level 11 in Stealth
 26805 | Swamp:1  | Reached skill level 2 in Spellcasting
 26878 | Swamp:1  | Reached skill level 2 in Necromancy
 26887 | Swamp:1  | Reached skill level 2 in Air Magic
 26959 | Swamp:1  | Reached skill level 1 in Ice Magic
 27201 | Swamp:1  | Reached XP level 17. HP: 97/112 MP: 21/23
 27450 | Swamp:1  | Got a slimy iron amulet
 27451 | Swamp:1  | Identified the amulet of Kipokkec {Gourm rC+ Stlth+} (You found it on level 1 of the Swamp)
 27791 | Spider:1 | Entered Level 1 of the Spider Nest
 28136 | Spider:1 | Reached skill level 2 in Ice Magic
 28540 | Spider:1 | Reached skill level 3 in Translocations
 28621 | Spider:2 | Got a translucent scale mail
 28633 | Spider:2 | Identified the +3 scale mail "Ehauhics" {rC+ Int+4 Dex+3} (You found it on level 2 of the Spider Nest)
 28708 | Spider:2 | Reached skill level 3 in Charms
 28726 | Spider:2 | Reached skill level 3 in Spellcasting
 28788 | Spider:2 | Received a gift from Okawaru
 29044 | Spider:2 | Reached skill level 3 in Necromancy
 29456 | Spider:2 | Reached skill level 15 in Armour
 29807 | Spider:3 | Reached skill level 14 in Shields
 29837 | Spider:3 | Reached skill level 3 in Ice Magic
 30099 | Spider:3 | Found a runed door.
 30241 | Spider:3 | Reached skill level 1 in Throwing
 30286 | Spider:3 | Got a warped helmet
 30287 | Spider:3 | Identified the +1 helmet of Cheibriados's Whim {rPois} (You found it on level 3 of the Spider Nest)
 30452 | Spider:3 | Reached skill level 15 in Fighting
 30491 | Spider:3 | Reached skill level 4 in Translocations
 30510 | Spider:3 | Received a gift from Okawaru
 30537 | Spider:3 | Reached skill level 4 in Spellcasting
 30704 | Swamp:2  | Noticed Frances
 30714 | Swamp:2  | Killed Frances
 30714 | Swamp:2  | Reached skill level 4 in Charms
 30791 | Swamp:2  | Reached skill level 2 in Throwing
 30840 | Swamp:2  | Received a gift from Okawaru
 30898 | Swamp:2  | Noticed Nikola
 30952 | Swamp:2  | Killed Nikola
 30952 | Swamp:2  | Reached skill level 12 in Stealth
 30952 | Swamp:2  | Reached XP level 18. HP: 73/119 MP: 9/24
 31011 | Swamp:2  | Reached skill level 4 in Necromancy
 31490 | Swamp:3  | Reached skill level 8 in Dodging
 31778 | Swamp:3  | Noticed Bai Suzhen
 31798 | Swamp:3  | Killed Bai Suzhen
 31936 | Swamp:3  | Reached skill level 3 in Throwing
 32198 | Swamp:4  | Entered Level 4 of the Swamp
 32382 | Swamp:4  | Reached skill level 5 in Charms
 32420 | Swamp:4  | Received a gift from Okawaru
 32420 | Swamp:4  | Reached skill level 5 in Spellcasting
 32763 | Swamp:4  | Noticed the 27-headed Lernaean hydra
 33029 | Swamp:4  | Killed the 27-headed Lernaean hydra
 33310 | Swamp:4  | Reached skill level 4 in Throwing
 33377 | Swamp:4  | Got a decaying rune of Zot
 33684 | Spider:4 | Entered Level 4 of the Spider Nest
 33947 | Spider:4 | Noticed Agnes
 33961 | Spider:4 | Killed Agnes
 33970 | Spider:4 | Noticed Arachne
 33971 | Spider:4 | Reached skill level 4 in Ice Magic
 34002 | Spider:4 | HP: 18/119 [Arachne/staff of poison (17)]
 34007 | Spider:4 | HP: 11/119 [redback (13)]
 34109 | Spider:4 | Killed Arachne
 34824 | Spider:4 | Reached skill level 13 in Stealth
 34861 | Spider:4 | Reached skill level 5 in Necromancy
 34865 | Spider:4 | Learned a level 2 spell: Corpse Rot
 34892 | Spider:4 | Reached skill level 6 in Charms
 35003 | Spider:4 | Reached XP level 19. HP: 124/124 MP: 26/26
 35148 | Spider:4 | Reached skill level 5 in Throwing
 35154 | Spider:4 | Reached skill level 9 in Dodging
 35288 | Spider:4 | Reached skill level 15 in Shields
 35301 | Spider:4 | Received a gift from Okawaru
 36018 | Spider:4 | Reached skill level 7 in Charms
 36276 | Spider:4 | Got a gossamer rune of Zot
 36670 | Elf:1    | Entered Level 1 of the Elven Halls
 36911 | Elf:1    | Found a flickering gateway to a bazaar.
 36920 | Bazaar   | Entered a bazaar
 36943 | Bazaar   | Found Pihao's Food Boutique.
 36957 | Bazaar   | Found Tiuddent's Book Shop.
 36971 | Bazaar   | Found Feuttael's Food Boutique.
 37000 | Bazaar   | Found Esigh's Food Boutique.
 37098 | Bazaar   | Bought a book of Dreams for 750 gold pieces
 37104 | Bazaar   | Learned a level 5 spell: Borgnjor's Vile Clutch
 37385 | Elf:1    | Reached skill level 14 in Stealth
 37403 | Elf:1    | Reached skill level 1 in Earth Magic
 37722 | Elf:1    | Reached skill level 2 in Earth Magic
 38424 | Elf:2    | Received a gift from Okawaru
 38481 | Elf:2    | Found Noanaps's Food Emporium.
 38591 | Elf:2    | Reached skill level 1 in Evocations
 38603 | Elf:2    | Reached skill level 10 in Dodging
 38626 | Elf:2    | Reached skill level 3 in Earth Magic
 38792 | Elf:2    | Reached skill level 6 in Throwing
 39335 | Elf:2    | Reached skill level 2 in Evocations
 39413 | Elf:2    | Found a runed gate.
 39413 | Elf:2    | Found a runed gate.
 39415 | Elf:2    | Found a runed gate.
 39644 | Elf:2    | Reached skill level 4 in Earth Magic
 39667 | Elf:2    | Reached XP level 20. HP: 118/130 MP: 12/27
 39918 | Elf:2    | Reached skill level 3 in Evocations
 40500 | Vaults:1 | Entered Level 1 of the Vaults
 40548 | Vaults:1 | Received a gift from Okawaru
 40813 | Vaults:1 | Reached skill level 7 in Throwing
 41041 | Vaults:1 | Noticed Asterion
 41086 | Vaults:1 | Killed Asterion
 41147 | Vaults:1 | Reached skill level 4 in Evocations
 41216 | Vaults:1 | Received a gift from Okawaru
 41217 | Vaults:1 | Got a pair of twisted boots {god gift}
 41226 | Vaults:1 | HP: 26/131 [deep troll[an ironheart preserver] (16)]
 41237 | D:13     | HP: 25/131 [deep troll[an ironheart preserver] (18)]
 41242 | D:13     | HP: 27/131 [deep troll[an ironheart preserver] (5)]
 41247 | D:13     | HP: 22/131 [deep troll[an ironheart preserver] (12)]
 41251 | D:13     | Reached skill level 15 in Stealth
 41381 | Vaults:1 | Reached skill level 16 in Fighting
 42694 | Vaults:1 | Reached skill level 11 in Dodging
 42953 | Vaults:1 | Noticed a Brimstone Fiend
 43054 | Vaults:1 | Reached skill level 5 in Earth Magic
 43366 | Vaults:2 | Noticed Mennas
 43457 | Vaults:2 | Killed Mennas
 43672 | Vaults:2 | Reached skill level 6 in Spellcasting
 43678 | Vaults:2 | Reached XP level 21. HP: 116/137 MP: 18/30
 43940 | Vaults:2 | Received a gift from Okawaru
 44049 | Vaults:2 | Reached skill level 6 in Necromancy
 44115 | Vaults:2 | Received a gift from Okawaru
 44188 | Vaults:2 | Reached skill level 8 in Charms
 44207 | Vaults:2 | Found a staircase to the Crypt.
 44780 | Vaults:2 | Reached skill level 7 in Spellcasting
 44876 | Vaults:2 | Reached skill level 17 in Fighting
 45441 | Vaults:2 | Reached skill level 12 in Dodging
 45823 | Vaults:3 | Received a gift from Okawaru
 46156 | Vaults:3 | Reached skill level 18 in Fighting
 47815 | Vaults:4 | HP: 33/142 [deep elf knight/shard of ice[an ironheart preserver] (21)]
 47816 | Vaults:4 | Reached XP level 22. HP: 34/148 MP: 25/32
 48436 | Vaults:4 | Received a gift from Okawaru
 48988 | Vaults:4 | Reached skill level 16 in Stealth
 49227 | Vaults:4 | Noticed Margery
 49338 | Vaults:4 | Reached skill level 19 in Fighting
 49608 | Vaults:4 | Killed Margery
 50437 | Elf:3    | Entered Level 3 of the Elven Halls
 50438 | Elf:3    | Received a gift from Okawaru
 50439 | Elf:3    | Reached skill level 17 in Stealth
 51625 | Elf:3    | Reached skill level 18 in Stealth
 52066 | Elf:3    | Got a shimmering platinum amulet
 52458 | Elf:3    | Got a warped golden ring
 52770 | Elf:2    | Got a wavering ivory ring
 53003 | Elf:3    | Reached skill level 19 in Stealth
 53300 | Elf:3    | Identified the amulet "Nalatyto" {Faith Str+5} (You took it off a deep elf demonologist on level 3 of the Elven Halls)
 53301 | Elf:3    | Identified the ring "Kuufol" {Int+4 Dex+2} (You took it off a deep elf mage on level 3 of the Elven Halls)
 53302 | Elf:3    | Identified the ring "Byofel" {Fire Dex+4} (You took it off a deep elf master archer on level 2 of the Elven Halls)
 53350 | Elf:3    | Identified the Almanac of Transformation and Contamination
 53352 | Elf:3    | Identified Sif Muna's Compendium of Evil Clay
 53372 | Elf:3    | Received a gift from Okawaru
 53683 | Orc:2    | Bought a book of Summonings for 980 gold pieces
 53689 | Orc:2    | Learned a level 5 spell: Aura of Abjuration
 53695 | Orc:2    | Learned a level 5 spell: Summon Demon
 53860 | Lair:1   | Got an ancient amethyst amulet
 53867 | Lair:1   | Identified the amulet of Finality {*Slow +Rage rF+ rC++} (You acquired it on level 1 of the Lair of Beasts)
 54074 | Vaults:5 | Entered Level 5 of the Vaults
 54107 | Vaults:5 | Reached skill level 1 in Summonings
 54158 | Vaults:5 | Reached skill level 2 in Summonings
 54233 | Vaults:5 | Received a gift from Okawaru
 54234 | Vaults:5 | Got an ichor-stained demon blade {god gift}
 54334 | Vaults:5 | Reached skill level 8 in Spellcasting
 54334 | Vaults:5 | Reached skill level 3 in Summonings
 54334 | Vaults:5 | Reached XP level 23. HP: 136/155 MP: 25/35
 54399 | Vaults:5 | Reached skill level 4 in Summonings
 54487 | Vaults:5 | Reached skill level 5 in Summonings
 54775 | Vaults:5 | Reached skill level 6 in Summonings
 54973 | Vaults:5 | Noticed a golden dragon
 55028 | Vaults:5 | Reached skill level 7 in Summonings
 55215 | Vaults:5 | Received a gift from Okawaru
 55235 | Vaults:5 | Reached skill level 6 in Earth Magic
 55262 | Vaults:5 | Killed a golden dragon
 55262 | Vaults:5 | Received a gift from Okawaru
 55539 | Vaults:5 | Learned a level 4 spell: Summon Ice Beast
 55585 | Vaults:5 | Reached skill level 8 in Summonings
 55625 | Vaults:5 | Reached skill level 7 in Earth Magic
 55812 | Vaults:5 | Received a gift from Okawaru
 55985 | Vaults:5 | Reached skill level 5 in Ice Magic
 56042 | Vaults:5 | Identified the +10 demon blade of Wutemuab {freeze, +Blink Str+3} (Okawaru gifted it to you on level 5 of the Vaults)
 56221 | Vaults:5 | Received a gift from Okawaru
 56254 | Vaults:5 | Got a spiked ring mail {god gift}
 56302 | Vaults:5 | Got a faintly glowing amber ring
 56303 | Vaults:5 | Identified the ring "Odupo" {Ice rN+ Str+10 Stlth-} (You took it off a tengu reaver on level 5 of the Vaults)
 56396 | Vaults:5 | Got a bloodstained ring mail
 56599 | Vaults:5 | Reached skill level 9 in Summonings
 56599 | Vaults:5 | Reached skill level 6 in Ice Magic
 56716 | Vaults:5 | Reached skill level 7 in Ice Magic
 57452 | Vaults:5 | Reached skill level 10 in Summonings
 57634 | Vaults:5 | Reached XP level 24. HP: 160/160 MP: 32/35
 57638 | Vaults:5 | Got a vibrating pewter ring
 57639 | Vaults:5 | Identified the ring of the Endless Expanse {rF- rC+ Int+4 Dex+8 Slay-6} (You took it off a vault warden on level 5 of the Vaults)
 57767 | Vaults:5 | Reached skill level 11 in Summonings
 58146 | Vaults:5 | Noticed an ancient lich
 58169 | Vaults:5 | Killed an ancient lich
 58169 | Vaults:5 | Received a gift from Okawaru
 58169 | Vaults:5 | Reached skill level 12 in Summonings
 58196 | Vaults:5 | Got a silver rune of Zot
 58198 | Vaults:5 | Identified the cursed +0 hat of the Jackalope {rElec} (You found it on level 5 of the Vaults)
 58545 | Vaults:5 | Learned a level 2 spell: Blink
 58611 | Vaults:5 | Identified the ring of Eloxom {Fire Int+2} (You took it off a deep elf archer on level 5 of the Vaults)
 58633 | Vaults:5 | Identified Haratwun's Volume of Optimism
 59181 | Depths:1 | Entered Level 1 of the Depths
 59389 | Depths:1 | Reached skill level 7 in Necromancy
 59551 | Depths:1 | Received a gift from Okawaru
 59560 | Depths:1 | Got a pair of faintly humming boots {god gift}
 59594 | Depths:1 | Upgraded the game from 0.22-a0-252-gcace5d2 to 0.22-a0-253-gf9d0ce5
 59838 | Depths:1 | Reached skill level 8 in Necromancy
 60685 | Depths:1 | Found a gateway to Hell.
 60717 | Depths:1 | Reached skill level 9 in Necromancy
 60734 | Depths:1 | Found a gateway to a ziggurat.
 61142 | Depths:1 | Found Quixkeol's Gadget Shop.
 61143 | Depths:1 | Found Wabot's Jewellery Emporium.
 61143 | Depths:1 | Found Qofe's Jewellery Emporium.
 61153 | Depths:1 | Bought the amulet "Supn" {MR+ Regen+} for 553 gold pieces
 61362 | Depths:2 | Reached skill level 8 in Earth Magic
 62299 | Depths:2 | Reached skill level 9 in Earth Magic
 62320 | Depths:2 | Cast into level 2 of the Abyss (merfolk impaler)
 62385 | Abyss:2  | Got an ancient buckler
 62585 | Abyss:2  | Reached skill level 10 in Necromancy
 62660 | Abyss:2  | Upgraded the game from 0.22-a0-253-gf9d0ce5 to 0.22-a0-265-g0d8bc90
 62715 | Depths:2 | Escaped the Abyss
 62744 | Depths:2 | Reached skill level 10 in Earth Magic
 62896 | Depths:2 | Received a gift from Okawaru
 62904 | Depths:2 | Got a pair of scorched gloves {god gift}
 62905 | Depths:2 | Identified the -5 pair of gloves "Xyx Risiam" {Dex+8} (Okawaru gifted it to you on level 2 of the Depths)
 63054 | Depths:2 | HP: 49/240 [spriggan defender (illusionary)/lajatang of venom (18)]
 63059 | Depths:2 | HP: 47/240 [spriggan defender (illusionary)/lajatang of venom (5)]
 63070 | Depths:2 | HP: 43/240 [spriggan defender (illusionary)/lajatang of venom (9)]
 63077 | Depths:2 | HP: 30/160 [rakshasa (illusionary)/long sword (1)]
 63078 | Depths:2 | HP: 11/160 [ettin (illusionary)/dire flail (20)]
 63079 | Depths:2 | HP: 5/160 [ettin (illusionary)/dire flail (7)]
 63080 | Depths:2 | Demolished by an ettin

Vault maps used:
D:1:      erik_arrival_blinker_ship
D:2:      zin_statuary, tso_oasis_becter, hex_large, hangedman_decor_points
D:3:      first_ration, minivault_11, evilmike_ruin_ashenzari, uniq_jessica,
          uniq_sigmund, uniq_robin
D:4:      minmay_temple_entry_hall, serial_shops, shop_statue,
          grunt_gozag_statues, uniq_crazy_yiuf_cottage, uniq_blork_the_orc
D:5:      fedhas_altar_3, chequers_big_river, uniq_eustachio, uniq_pikel
D:6:      slow_altar_1, kennysheep_mini_moat, hangedman_decor_clover_reticule,
          kennysheep_generic_room_5
D:7:      overflow_temple_1_default, vehumet_statue
D:8:      enter_bailey_2, the_bakery
D:9:      david_lair_generic, david_orc_5
D:10:     kennysheep_nub
D:11:     serial_shops, shop
D:12:     spider_trap, uniq_maurice, uniq_fannar, uniq_psyche
D:13:     david_vaults_3, serial_shops, shop, pf_eden
D:14:     minmay_concentric_multi, hangedman_abyss_or_decor_lesser_grid
D:15:     grunt_enter_depths_hoard, nicolae_ru_sacrificial_ziggurat,
          serial_shops, nicolae_shop_statue_plus
Temple:   nicolae_temple_no_exploring_needed
Lair:1:   guppyfry_lair_drakes, uniq_nergalle
Lair:2:   minmay_swamp_entry_worms
Lair:3:   spider_nest_entry_web_field, portal_ice_cave_entry_ice_beasts,
          grunt_megastairs_3, lemuel_fruit_tree, infiniplex_staircase_pool
Lair:4:   beast_lair_carwin_large_3, uniq_kirke
Lair:5:   minmay_slime_entry_oklob_open, beast_lair_carwin_7
Lair:6:   cheibrodos_lair_end_hotspot, serial_bayou_pond_c
Swamp:1:  hangedman_swamp_diagram, uniq_aizul
Swamp:2:  evilmike_swamp_ruin_house_2, uniq_frances, uniq_nikola
Swamp:3:  evilmike_swamp_ruin_house_6, swamp_pool4, cheibrodos_swamp_minitomb,
          infiniplex_staircase_pool_2, uniq_bai_suzhen
Swamp:4:  swamp_old_school
Spider:1: hangedman_spider_mandibles
Spider:2: spider_trap
Spider:3: cheibrodos_spider_deadly_dance, spider_trap
Spider:4: floodkiller_spider_rune_tomb, uniq_arachne, uniq_agnes
Orc:2:    grunt_orc_gardens, grunt_orc_garden, grunt_orc_garden,
          grunt_orc_garden, grunt_orc_garden, nicolae_volcano_entry_hallway
Elf:1:    eino_elf_arrival_shootout, serial_shops, bzr_firewalk
Elf:2:    serial_shops, shop, solitary_fountain
Elf:3:    minmay_elf_hall_not_hex
Vaults:1: hangedman_vaults_unwind, nicolae_vaults_network_s,
          vaults_standard_mumra_lines, ontoclasm_vaults_misaligned,
          vaults_dpeg_encased_lava, hangedman_vaults_snaps, grunt_vaults_focal,
          ontoclasm_vaults_eye, hangedman_vaults_nails, uniq_asterion
Vaults:2: v_misc_23, minmay_crypt_entry_simple_statues, vaults_dpeg_cross,
          v_misc_28, nicolae_vaults_sealed_display, vaults_room_corners,
          vaults_dpeg_diagonal, hangedman_vaults_hat, v_misc_26, v_pattern_4,
          st_star, stair_cage_open, uniq_mennas
Vaults:3: nicolae_vaults_ninety_degrees, ontoclasm_vaults_ring_large,
          kb_rosetta, v_misc_23, v_rooms_6, ontoclasm_vaults_idyll,
          ontoclasm_vaults_pinch, vaults_room_fours, ontoclasm_vaults_chip,
          vaults_room_grid, ontoclasm_vaults_spin, ontoclasm_vaults_shuriken,
          v_misc_3, nicolae_vaults_rhombus_6, vaults_room_grid
Vaults:4: vaults_room_pool, grunt_vaults_hallway_long, nicolae_vaults_little_ls,
          hangedman_vaults_locks, v_misc_27, nicolae_vaults_shelves_hall,
          nicolae_vaults_network_barrier, nicolae_vaults_little_squares_3,
          v_misc_24, uniq_margery
Vaults:5: serial_shops
Depths:1: enter_ziggurat_a, hell_entry, minmay_misc_feat_diagonals,
          grunt_ministairs_7, hangedman_stitches_earthworm, minmay_shop_grove
Depths:2: kennysheep_large_vault, hellmouth_1, serial_bayou_pond_d,
          infiniplex_staircase_zigzag_4, serial_bayou_shore_b
Abyss:2:  minivault_20
Bazaar:   bazaar_minmay_snake
Bailey:   bailey_polearm_2, bailey
IceCv:    ice_cave_small_giant
Volcano:  volcano_caves

Skill      XL: |  1  2  3  4  5  6  7  8  9 10 11 12 13 14 15 16 17 18 19 20 21 22 23 24 |
---------------+-------------------------------------------------------------------------+-----
Maces & Flails | 3 4 6 7 9 10 11 12 | 12.0
Invocations    | 4 5 7 8 9 |  9.0
Dodging        | 2 4 5 6 7 8 10 11 12 | 12.0
Armour         | 5 6 8 10 12 13 14 15 | 15.0
Shields        | 4 6 8 10 12 13 14 15 | 15.0
Fighting       | 5 6 8 10 12 13 14 15 16 18 19 | 19.0
Stealth        | 5 8 10 11 12 13 14 15 19 | 19.0
Spellcasting   | 2 4 5 6 7 8 |  8.3
Charms         | 2 4 6 7 8 |  8.0
Translocations | 2 4 |  4.0
Air Magic      | 2 |  2.0
Necromancy     | 2 3 5 6 10 | 10.0
Ice Magic      | 1 3 4 7 |  7.0
Throwing       | 2 4 6 7 |  7.0
Earth Magic    | 4 5 7 10 | 10.0
Evocations     | 2 4 |  4.0
Summonings     | 3 10 12 | 12.0

Action                   |  1- 3 |  4- 6 |  7- 9 | 10-12 | 13-15 | 16-18 | 19-21 | 22-24 || total
-------------------------+-------+-------+-------+-------+-------+-------+-------+-------++-------
Melee: Flail             |   102 |   174 |   148 |       |       |       |       |       ||   424
       Whip              |       |       |   396 |   984 |  2135 |  2548 |  3303 |  3985 || 13351
       Halberd           |       |       |       |    48 |       |       |       |       ||    48
 Fire: Hunting sling     |    15 |    38 |   149 |    21 |       |       |       |       ||   223
       Arbalest          |       |       |       |    28 |       |       |       |       ||    28
Throw: Javelin           |       |       |       |     6 |       |       |     8 |    23 ||    37
 Cast: Shroud of Golubri |       |       |       |       |       |    43 |    62 |    93 ||   198
       Ozocubu's Armour  |       |       |       |       |       |    35 |    51 |    83 ||   169
       Song of Slaying   |       |       |       |       |       |     3 |     4 |     1 ||     8
       Infusion          |       |       |       |       |       |     5 |    10 |    14 ||    29
       Regeneration      |       |       |       |       |       |    39 |    81 |   107 ||   227
       Swiftness         |       |       |       |       |       |       |     5 |     2 ||     7
       Corpse Rot        |       |       |       |       |       |       |     3 |     1 ||     4
       Borgnjor's Vile C |       |       |       |       |       |       |     1 |     1 ||     2
       Summon Ice Beast  |       |       |       |       |       |       |       |    50 ||    50
       Summon Demon      |       |       |       |       |       |       |       |    50 ||    50
       Blink             |       |       |       |       |       |       |       |     8 ||     8
Invok: Heroism           |       |       |     7 |    32 |    36 |    40 |    33 |    18 ||   166
       Finesse           |       |       |       |     3 |    16 |    14 |    12 |    11 ||    56
 Abil: Evoke Berserk Rag |       |       |       |     1 |       |       |       |       ||     1
       Evoke Invisibilit |       |       |       |     1 |       |       |       |       ||     1
       Evoke Flight      |       |       |       |       |     1 |       |       |       ||     1
       Fly               |       |       |       |       |     1 |       |       |     1 ||     2
       Stop Flying       |       |       |       |       |       |       |       |     1 ||     1
Evoke: Wand              |       |       |       |     3 |     2 |       |       |       ||     5
  Use: Potion            |       |     2 |       |     3 |     1 |     1 |     4 |     4 ||    15
       Scroll            |       |       |     4 |     9 |    14 |    13 |     7 |    21 ||    68
 Stab: Sleeping          |       |       |       |       |    16 |    57 |    43 |    42 ||   158
       Distracted        |       |       |       |       |     1 |    14 |     4 |    16 ||    35
       Confused          |       |       |       |       |       |     4 |       |       ||     4
  Eat: Chunk             |     1 |     6 |    13 |    21 |    29 |    36 |    42 |    40 ||   188
       Ration            |       |       |       |     2 |     1 |     5 |     4 |    12 ||    24
Armor: Scale mail        |    66 |   103 |   174 |    60 |       |       |       |       ||   403
       Chain mail        |       |       |       |   211 |   316 |       |       |       ||   527
       Plate armour      |       |       |       |       |    15 |       |       |       ||    15
       Steam dragon scal |       |       |       |       |   185 |     6 |       |       ||   191
       Troll leather arm |       |       |       |       |       |   888 |   898 |  1186 ||  2972
Dodge: Dodged            |    41 |    39 |   104 |   289 |   677 |  1112 |  1127 |  1390 ||  4779
Block: Shield            |    49 |    83 |   152 |   339 |   885 |  1388 |  1551 |  2025 ||  6472

Table legend:
 A = Spawn XP
 B = Non-spawn XP
 C = Spawn XP percentage of total XP
 D = Spawn monster count
 E = Non-spawn monster count
 F = Spawn count percentage of total count
 G = Total turns spent on level
                    A         B        C        D         E        F      G
               +---------+---------+-------+---------+---------+-------+---------
         Total |   11160 |  949075 |   1.2 |      17 |    1989 |   0.8 | 63080
               +---------+---------+-------+---------+---------+-------+---------
           D:1 |       0 |      37 |   0.0 |       0 |      20 |   0.0 |   831
           D:2 |       0 |     111 |   0.0 |       0 |      19 |   0.0 |  1253
           D:3 |       0 |     419 |   0.0 |       0 |      29 |   0.0 |  1026
           D:4 |       0 |     625 |   0.0 |       0 |      14 |   0.0 |  1087
           D:5 |       0 |    1310 |   0.0 |       0 |      15 |   0.0 |  1086
           D:6 |       0 |    1091 |   0.0 |       0 |      27 |   0.0 |  1427
           D:7 |       0 |    2279 |   0.0 |       0 |      22 |   0.0 |  1298
           D:8 |       0 |    1053 |   0.0 |       0 |      26 |   0.0 |   905
           D:9 |       0 |    4918 |   0.0 |       0 |      59 |   0.0 |  1383
          D:10 |       0 |    3198 |   0.0 |       0 |      31 |   0.0 |   803
          D:11 |       0 |    9474 |   0.0 |       0 |      81 |   0.0 |  1443
          D:12 |       0 |    6957 |   0.0 |       0 |      38 |   0.0 |  1116
          D:13 |       0 |   24658 |   0.0 |       0 |      85 |   0.0 |  2343
          D:14 |       0 |   19327 |   0.0 |       0 |      45 |   0.0 |  1048
          D:15 |       0 |    7455 |   0.0 |       0 |      16 |   0.0 |   974
        Lair:1 |       0 |    7752 |   0.0 |       0 |      32 |   0.0 |  1645
        Lair:2 |       0 |    2575 |   0.0 |       0 |      11 |   0.0 |  1100
        Lair:3 |       0 |    5762 |   0.0 |       0 |      33 |   0.0 |  1250
        Lair:4 |       0 |   11214 |   0.0 |       0 |      26 |   0.0 |   626
        Lair:5 |       0 |   11105 |   0.0 |       0 |      30 |   0.0 |  1061
        Lair:6 |       0 |   21288 |   0.0 |       0 |      70 |   0.0 |  1411
       Swamp:1 |       0 |   17385 |   0.0 |       0 |      39 |   0.0 |   937
       Swamp:2 |       0 |   14500 |   0.0 |       0 |      27 |   0.0 |   790
       Swamp:3 |       0 |   11091 |   0.0 |       0 |      19 |   0.0 |   734
       Swamp:4 |       0 |   27101 |   0.0 |       0 |      44 |   0.0 |  1326
      Spider:1 |       0 |    9222 |   0.0 |       0 |      26 |   0.0 |   848
      Spider:2 |       0 |   21562 |   0.0 |       0 |      63 |   0.0 |  1235
      Spider:3 |       0 |   17864 |   0.0 |       0 |      41 |   0.0 |   835
      Spider:4 |       0 |   58213 |   0.0 |       0 |     111 |   0.0 |  2773
         Orc:1 |       0 |    2116 |   0.0 |       0 |      34 |   0.0 |   564
         Orc:2 |       0 |   11972 |   0.0 |       0 |      48 |   0.0 |  1624
         Elf:1 |       0 |   22279 |   0.0 |       0 |      32 |   0.0 |  1535
         Elf:2 |       0 |   54944 |   0.0 |       0 |      67 |   0.0 |  2373
         Elf:3 |       0 |   53582 |   0.0 |       0 |      56 |   0.0 |  2719
      Vaults:1 |       0 |   57476 |   0.0 |       0 |     101 |   0.0 |  2468
      Vaults:2 |       0 |   66053 |   0.0 |       0 |      80 |   0.0 |  2338
      Vaults:3 |       0 |   50331 |   0.0 |       0 |      79 |   0.0 |  2218
      Vaults:4 |       0 |   42317 |   0.0 |       0 |      57 |   0.0 |  2218
      Vaults:5 |       0 |  176729 |   0.0 |       0 |     151 |   0.0 |  4725
      Depths:1 |       0 |   44540 |   0.0 |       0 |      77 |   0.0 |  2075
      Depths:2 |       0 |   30313 |   0.0 |       0 |      39 |   0.0 |  1143
       Abyss:2 |   11160 |    2293 |  83.0 |      17 |       3 |  85.0 |   395
        Bailey |       0 |    2538 |   0.0 |       0 |      26 |   0.0 |  1061
         IceCv |       0 |    9991 |   0.0 |       0 |      36 |   0.0 |   698
       Volcano |       0 |    2055 |   0.0 |       0 |       4 |   0.0 |    68
               +---------+---------+-------+---------+---------+-------+---------

Vault maps used:
D:1:      erik_arrival_blinker_ship
D:2:      zin_statuary, tso_oasis_becter, hex_large, hangedman_decor_points
D:3:      first_ration, minivault_11, evilmike_ruin_ashenzari, uniq_jessica,
          uniq_sigmund, uniq_robin
D:4:      minmay_temple_entry_hall, serial_shops, shop_statue,
          grunt_gozag_statues, uniq_crazy_yiuf_cottage, uniq_blork_the_orc
D:5:      fedhas_altar_3, chequers_big_river, uniq_eustachio, uniq_pikel
D:6:      slow_altar_1, kennysheep_mini_moat, hangedman_decor_clover_reticule,
          kennysheep_generic_room_5
D:7:      overflow_temple_1_default, vehumet_statue
D:8:      enter_bailey_2, the_bakery
D:9:      david_lair_generic, david_orc_5
D:10:     kennysheep_nub
D:11:     serial_shops, shop
D:12:     spider_trap, uniq_maurice, uniq_fannar, uniq_psyche
D:13:     david_vaults_3, serial_shops, shop, pf_eden
D:14:     minmay_concentric_multi, hangedman_abyss_or_decor_lesser_grid
D:15:     grunt_enter_depths_hoard, nicolae_ru_sacrificial_ziggurat,
          serial_shops, nicolae_shop_statue_plus
Temple:   nicolae_temple_no_exploring_needed
Lair:1:   guppyfry_lair_drakes, uniq_nergalle
Lair:2:   minmay_swamp_entry_worms
Lair:3:   spider_nest_entry_web_field, portal_ice_cave_entry_ice_beasts,
          grunt_megastairs_3, lemuel_fruit_tree, infiniplex_staircase_pool
Lair:4:   beast_lair_carwin_large_3, uniq_kirke
Lair:5:   minmay_slime_entry_oklob_open, beast_lair_carwin_7
Lair:6:   cheibrodos_lair_end_hotspot, serial_bayou_pond_c
Swamp:1:  hangedman_swamp_diagram, uniq_aizul
Swamp:2:  evilmike_swamp_ruin_house_2, uniq_frances, uniq_nikola
Swamp:3:  evilmike_swamp_ruin_house_6, swamp_pool4, cheibrodos_swamp_minitomb,
          infiniplex_staircase_pool_2, uniq_bai_suzhen
Swamp:4:  swamp_old_school
Spider:1: hangedman_spider_mandibles
Spider:2: spider_trap
Spider:3: cheibrodos_spider_deadly_dance, spider_trap
Spider:4: floodkiller_spider_rune_tomb, uniq_arachne, uniq_agnes
Orc:2:    grunt_orc_gardens, grunt_orc_garden, grunt_orc_garden,
          grunt_orc_garden, grunt_orc_garden, nicolae_volcano_entry_hallway
Elf:1:    eino_elf_arrival_shootout, serial_shops, bzr_firewalk
Elf:2:    serial_shops, shop, solitary_fountain
Elf:3:    minmay_elf_hall_not_hex
Vaults:1: hangedman_vaults_unwind, nicolae_vaults_network_s,
          vaults_standard_mumra_lines, ontoclasm_vaults_misaligned,
          vaults_dpeg_encased_lava, hangedman_vaults_snaps, grunt_vaults_focal,
          ontoclasm_vaults_eye, hangedman_vaults_nails, uniq_asterion
Vaults:2: v_misc_23, minmay_crypt_entry_simple_statues, vaults_dpeg_cross,
          v_misc_28, nicolae_vaults_sealed_display, vaults_room_corners,
          vaults_dpeg_diagonal, hangedman_vaults_hat, v_misc_26, v_pattern_4,
          st_star, stair_cage_open, uniq_mennas
Vaults:3: nicolae_vaults_ninety_degrees, ontoclasm_vaults_ring_large,
          kb_rosetta, v_misc_23, v_rooms_6, ontoclasm_vaults_idyll,
          ontoclasm_vaults_pinch, vaults_room_fours, ontoclasm_vaults_chip,
          vaults_room_grid, ontoclasm_vaults_spin, ontoclasm_vaults_shuriken,
          v_misc_3, nicolae_vaults_rhombus_6, vaults_room_grid
Vaults:4: vaults_room_pool, grunt_vaults_hallway_long, nicolae_vaults_little_ls,
          hangedman_vaults_locks, v_misc_27, nicolae_vaults_shelves_hall,
          nicolae_vaults_network_barrier, nicolae_vaults_little_squares_3,
          v_misc_24, uniq_margery
Vaults:5: serial_shops
Depths:1: enter_ziggurat_a, hell_entry, minmay_misc_feat_diagonals,
          grunt_ministairs_7, hangedman_stitches_earthworm, minmay_shop_grove
Depths:2: kennysheep_large_vault, hellmouth_1, serial_bayou_pond_d,
          infiniplex_staircase_zigzag_4, serial_bayou_shore_b
Abyss:2:  minivault_20
Bazaar:   bazaar_minmay_snake
Bailey:   bailey_polearm_2, bailey
IceCv:    ice_cave_small_giant
Volcano:  volcano_caves

Table legend:
 A = Turns spent in this place as a percentage of turns spent in the entire game.
 B = Non-inter-level travel turns spent in this place as a percentage of non-inter-level travel turns spent in the entire game.
 C = Inter-level travel turns spent in this place as a percentage of turns spent in this place.
 D = Turns resting spent in this place as a percentage of non-inter-level travel turns spent in this place.
 E = Turns spent auto-exploring this place as a percentage of non-inter-level travel turns spent in this place.
 F = Non-inter-level travel turns spent in this place divided by the number of levels of this place that you've seen.
                   A       B       C       D       E      F
               +-------+-------+-------+-------+-------+----------------------
         Total | 100.0 | 100.0 |   8.4 |  10.7 |  41.8 | 1229.2
       Dungeon |  28.6 |  27.3 |  12.5 |  11.4 |  53.6 | 1050.9
        Temple |   0.0 |   0.0 |  40.0 |   0.0 |   0.0 |   9.0
          Lair |  11.2 |  10.6 |  13.8 |   4.5 |  53.2 | 1019.5
         Swamp |   6.0 |   6.2 |   5.9 |   5.7 |  51.2 | 891.2
   Spider Nest |   9.0 |   9.4 |   4.7 |  12.0 |  36.4 | 1355.5
  Orcish Mines |   3.5 |   3.3 |  13.4 |   1.4 |  48.5 | 947.5
   Elven Halls |  10.5 |  10.7 |   6.7 |  13.8 |  36.8 | 2062.0
        Vaults |  22.1 |  22.9 |   5.1 |  13.3 |  30.2 | 2650.4
        Depths |   5.1 |   5.4 |   3.9 |  16.5 |  24.5 | 1546.0
         Abyss |   0.6 |   0.7 |   0.0 |   2.3 |  18.0 | 395.0
        Bazaar |   0.4 |   0.4 |   0.0 |   0.0 |  45.0 | 249.0
        Bailey |   1.7 |   1.8 |   0.0 |  10.7 |  24.7 | 1061.0
      Ice Cave |   1.1 |   1.2 |   0.0 |   1.7 |  34.8 | 698.0
       Volcano |   0.1 |   0.1 |   0.0 |   0.0 |  32.4 |  68.0
               +-------+-------+-------+-------+-------+----------------------

Table legend:
 A = Kills in this place as a percentage of kills in entire the game.
 B = Kills by you in this place as a percentage of kills by you in the entire game.
 C = Kills by friends in this place as a percentage of kills by friends in the entire game.
 D = Other kills in this place as a percentage of other kills in the entire game.
 E = Experience gained in this place as a percentage of experience gained in the entire game.
 F = Experience gained in this place divided by the number of levels of this place that you have seen.
                   A       B       C       D       E      F
               +-------+-------+-------+-------+-------+----------------------
         Total | 100.0 | 100.0 | 100.0 | 100.0 | 100.0 | 20430.5
       Dungeon |  26.3 |  26.9 |   0.0 |   0.0 |   8.6 | 5527.5
          Lair |  10.1 |  10.2 |   5.1 |   0.0 |   6.2 | 9949.3
         Swamp |   6.4 |   6.5 |   0.0 |  20.0 |   7.3 | 17519.2
   Spider Nest |  12.0 |  12.2 |   0.0 |  20.0 |  11.1 | 26715.2
  Orcish Mines |   4.1 |   4.2 |   0.0 |   0.0 |   1.5 | 7044.0
   Elven Halls |   7.7 |   7.9 |   0.0 |   0.0 |  13.6 | 43601.7
        Vaults |  23.3 |  23.3 |  25.6 |  20.0 |  40.9 | 78581.2
        Depths |   5.8 |   4.5 |  69.2 |  20.0 |   7.8 | 37426.5
         Abyss |   1.0 |   1.0 |   0.0 |  20.0 |   1.4 | 13453.0
        Bailey |   1.3 |   1.3 |   0.0 |   0.0 |   0.3 | 2538.0
      Ice Cave |   1.8 |   1.8 |   0.0 |   0.0 |   1.0 | 9991.0
       Volcano |   0.2 |   0.2 |   0.0 |   0.0 |   0.2 | 2055.0
               +-------+-------+-------+-------+-------+----------------------
